 Dungeon Crawl Stone Soup version 0.31-a0-1074-g0b22e4e0f1 (webtiles) character file.

Game seed: 6448409470957894911

1483 Jeffwins the Changeling (level 8, -1/93 HPs)
             Began as an Armataur Shapeshifter on Nov 26, 2023.
             Slain by a bullfrog (7 damage)
             ... on level 6 of the Dungeon.
             The game lasted 00:06:41 (4979 turns).

Jeffwins the Changeling (Armataur Shapeshifter)     Turns: 4979, Time: 00:06:43

Health: -1/93      AC: 13    Str: 17 (19) XL:     8   Next: 50%
Magic:  8/8        EV:  7    Int:  9 (13) God:
Gold:   343        SH:  0    Dex: 12 (16) Spells: 7/7 levels left

rFire   + .          .
                       - Unarmed
rCold   . . .        (shield currently unavailable)
rNeg    . . .        v - +2 scale mail {rF+}
rPois   .            (no helmet)
rElec   .            y - +0 cloak
rCorr   .            (no gloves)
SInv    .            (no barding)
Will    .....        (no amulet) Stlth
                     O - +4 ring of protection
HPRegen 0.35/turn    X - +6 ring of dexterity
MPRegen 0.11/turn

%: roll
@: berserking, flux-form, attractive, glowing, very quick
A: glow, contaminating, large, deformed body, tough skin 3, armoured tail, roll
2, long tongue
a: Begin Untransformation


You were on level 6 of the Dungeon.
You were something dangerously unstable.
You visited 1 branch of the dungeon, and saw 6 of its levels.

You collected 343 gold pieces.


Innate Abilities, Weirdness & Mutations

You are something dangerously unstable.
You glow with magical radiation, making you easy to see and hit.
Foes you strike become dangerously contaminated with magical radiation.
You are incapable of wielding weapons or throwing items.
Armour fits poorly on your strangely shaped body.
You have extremely tough skin. (AC +3)
You have a long armoured tail.
You roll and regenerate health when moving toward enemies. (Rampage Heal)
Your long tongue fully drains potion bottles. (2x potion effects)


   Skills:
 + Level 2.5 Fighting
 - Level 1.3 Dodging
 + Level 3.1 Stealth
 * Level 4.4 Unarmed Combat
 + Level 2.3 Evocations
 * Level 7.7 Shapeshifting


You had 7 spell levels left.
You didn't know any spells.
Your spell library was empty.

Inventory:

Armour
 a - a +0 animal skin
 v - a +2 scale mail of fire resistance (worn)
 y - a +0 cloak (worn)
Magical Staves
 n - a staff of earth
Jewellery
 O - a +4 ring of protection (left hand)
 X - a +6 ring of dexterity (right hand)
Talismans
 c - a beast talisman
 d - a flux talisman (active)
Wands
 o - a wand of roots (14)
 A - a wand of mindburst (11)
Scrolls
 b - a scroll of fear {unknown}
 e - 2 scrolls of fog {unknown}
 h - a scroll of blinking {unknown}
 i - a scroll of vulnerability {unknown}
 j - 3 scrolls of teleportation {unknown}
 p - a scroll of poison {!r}
 q - 2 scrolls of immolation {unknown}
 t - a scroll of identify {unknown}
 w - a scroll of butterflies {unknown}
 x - a scroll of torment {unknown}
Potions
 f - a potion of degeneration {!q}
 g - a potion of heal wounds {unknown}
 k - a potion of haste {unknown}
 l - a potion of attraction {!q}
 m - a potion of lignification {!q}
 s - a potion of ambrosia {unknown}
 u - a potion of magic {unknown}
 z - a potion of curing {unknown}

Dungeon Overview and Level Annotations

Branches:
Dungeon (6/15)
 Temple: D:4-7

Altars:
Zin

Shops:
D:1 [ D:4

( ....... .....
#...#####
..######†))....#
........#.......#
........#.......#
#......#.......#
#......#.{.....#
#......#Fp.$...#
.##..............#
...................
................>##
.........###+##########
##......# #.#.........
#......###.#.#######.
#......+......<....#
#.....)##.##.#.###.#


You could see a bullfrog.


Message History

You feel sick. Something hits you but does no damage.
You feel sick. Something hits you but does no damage.
You feel sick.
You feel sick.
A bullfrog comes into view.
Something hits you.
* * * LOW HITPOINT WARNING * * *
Something shocks you.
* * * LOW HITPOINT WARNING * * *
It was a potion of degeneration.
There was something very wrong with that liquid.
You feel weakened.
You feel dopey.
You feel clumsy.
You slurp down every last drop of the potion of degeneration!
You feel sick.
The bullfrog croaks.
Something hits you but does no damage.
The bullfrog hits you but does no damage.
It was a potion of attraction.
You feel attractive to monsters.
You slurp down every last drop of the potion of attraction!
You feel sick.
You are no longer poisoned.
The bullfrog barely misses you. Something hits you but does no damage.
It was a potion of berserk rage.
A red film seems to cover your vision as you go berserk!
You feel yourself moving faster!
You feel mighty!
You slurp down every last drop of the potion of berserk rage!
The bullfrog barely misses you. Something hits you but does no damage.
The bullfrog hits you!
You die...

Skill      XL: |  1  2  3  4  5  6  7  8 |
---------------+-------------------------+-----
Shapeshifting  | 3 5 6 7 |  7.7
Fighting       | 1 2 |  2.5
Stealth        | 2 3 |  3.1
Unarmed Combat | 3 4 |  4.4
Evocations     | 1 2 |  2.3
Dodging        | |  1.3

Action                     |  1- 3 |  4- 6 |  7- 9 || total
---------------------------+-------+-------+-------++-------
  Melee: Unarmed           |   125 |   160 |   128 ||   413
         Tailslap          |    12 |    25 |    20 ||    57
         Punch             |     4 |     4 |       ||     8
  Evoke: Wand              |       |       |     1 ||     1
    Use: Potion            |     1 |       |     3 ||     4
         Scroll            |       |     2 |       ||     2
 Armour: Animal skin       |    99 |    61 |       ||   160
         Skin              |     6 |       |       ||     6
         Scale mail        |       |    72 |    99 ||   171
  Dodge: Dodged            |    64 |    53 |    42 ||   159
   Form: Flux              |       |       |     1 ||     1

Levels and vault maps discovered:
D:1:      matt_arrival_grand_opening, layout_loops_ring, serial_shops, shop,
          chequers_ecumenical_altar_lobes, serial_bayou_pond_b,
          kennysheep_nondescript, minmay_misc_feat_rows, minmay_cupped
D:2:      layout_basic, basic_altar, uniq_sigmund
D:3:      layout_basic
D:4:      layout_loops_ring, serial_shops, shop, chequers_serial_rivers_micro_e,
          uniq_crazy_yiuf_cottage
D:5:      layout_gridville, uniq_blork_the_orc
D:6:      layout_basic, minmay_temple_entry_junction, uniq_eustachio

Notes
Turn   | Place    | Note
-------+----------+-------------------------------------------
     0 | D:1      | Jeffwins the Armataur Shapeshifter began the quest for the
                  | Orb.
     0 | D:1      | Reached XP level 1. HP: 15/15 MP: 1/1
    49 | D:1      | HP: 1/15 [frozen (5)]
    52 | D:1      | Reached skill level 3 in Shapeshifting
   156 | D:1      | Reached XP level 2. HP: 22/22 MP: 2/2
   417 | D:1      | Found Onaomo Ubije's Armour Shop.
   448 | D:1      | Reached XP level 3. HP: 27/27 MP: 3/3
   777 | D:1      | Found a faded altar of an unknown god.
   783 | D:1      | Reached skill level 4 in Shapeshifting
   976 | D:2      | Noticed Sigmund
  1041 | D:2      | Found a glowing silver altar of Zin.
  1114 | D:2      | Killed Sigmund
  1115 | D:2      | Reached skill level 5 in Shapeshifting
  1115 | D:2      | Reached XP level 4. HP: 34/34 MP: 4/4
  1115 | D:2      | Reached XP level 5. HP: 39/39 MP: 5/5
  2015 | D:3      | Reached XP level 6. HP: 45/46 MP: 6/6
  2205 | D:3      | Reached skill level 6 in Shapeshifting
  2785 | D:4      | Found Voeptufiho's Weapon Shoppe.
  3198 | D:4      | Gained mutation: You roll and regenerate health when moving
                  | toward enemies. (Rampage Heal) [Armataur growth]
  3198 | D:4      | Reached XP level 7. HP: 45/51 MP: 7/7
  3519 | D:4      | Reached skill level 7 in Shapeshifting
  3645 | D:4      | Found a runed translucent door.
  3646 | D:4      | Noticed Crazy Yiuf
  3659 | D:4      | HP: 5/51 [Crazy Yiuf/+3 quarterstaff of chaos (6)]
  3660 | D:4      | Killed Crazy Yiuf
  3858 | D:5      | Entered Level 5 of the Dungeon
  4005 | D:5      | Reached skill level 1 in Fighting
  4056 | D:5      | Reached skill level 1 in Stealth
  4056 | D:5      | Reached skill level 3 in Unarmed Combat
  4058 | D:5      | Noticed Blork the orc
  4068 | D:5      | Killed Blork the orc
  4245 | D:5      | Reached skill level 1 in Evocations
  4505 | D:5      | Reached skill level 2 in Stealth
  4708 | D:5      | Reached XP level 8. HP: 61/61 MP: 8/8
  4807 | D:6      | Reached skill level 2 in Fighting
  4904 | D:6      | Reached skill level 4 in Unarmed Combat
  4910 | D:6      | Reached skill level 2 in Evocations
  4969 | D:6      | Reached skill level 3 in Stealth
  4976 | D:6      | HP: 5/62 [something (6)]
  4979 | D:6      | Slain by a bullfrog

Vanquished Creatures
  Sigmund (D:2)
  A water moccasin (D:6)
  An ogre (D:5)
  A phantom (D:5)
  A kobold brigand (D:6)
  Blork the orc (D:5)
  2 scorpions
  5 wights (D:6)
  3 hounds
  3 orc priests
  2 jellies
  Crazy Yiuf (D:4)
  A gnoll bouda (D:3)
  An orc wizard (D:5)
  2 iguanas (D:5)
  5 gnolls
  4 adders
  2 worms (D:2)
  3 dart slugs
  8 orcs
  7 ball pythons
  3 bats (D:1)
  10 endoplasms
  3 giant cockroaches
  4 hobgoblins
  9 jackals
  5 quokkas
  6 frilled lizards
  9 goblins
  6 kobolds
  11 rats
121 creatures vanquished.

Table legend: (Time is in decaauts)
 A = Elapsed time spent in this place.
 B = Non-inter-level travel time spent in this place.
 C = Inter-level travel time spent in this place.
 D = Time resting spent in this place.
 E = Time spent auto-exploring this place.
 F = Levels seen in this place.
 G = Mean time per level.
                   A        B        C        D        E       F      G
               +--------+--------+--------+--------+--------+-----+--------+
         Total |   4963 |   4781 |    182 |    271 |   3721 |   6 |  827.2 |
       Dungeon |   4963 |   4781 |    182 |    271 |   3721 |   6 |  827.2 |
               +--------+--------+--------+--------+--------+-----+--------+

Top non-repeatable levels by time:
     D:3: 1186 daAuts
     D:1: 981 daAuts
     D:5: 917 daAuts
     D:4: 904 daAuts
     D:2: 779 daAuts
     D:6: 195 daAuts

Table legend:
 A = Non-vault XP
 B = Vault XP
 C = Vault XP percentage of total XP
 D = Non-vault monster count
 E = Vault monster count
 F = Vault count percentage of total count
                 A         B        C        D         E       F
            +---------+---------+-------+---------+---------+-------
      Total |    1765 |     354 |  16.7 |     112 |       9 |   7.4
            +---------+---------+-------+---------+---------+-------
        D:1 |      59 |      10 |  14.5 |      37 |       6 |  14.0
        D:2 |      51 |     214 |  80.8 |      20 |       1 |   4.8
        D:3 |     241 |       0 |   0.0 |      24 |       0 |   0.0
        D:4 |     240 |      39 |  14.0 |      11 |       1 |   8.3
        D:5 |     512 |      91 |  15.1 |      10 |       1 |   9.1
        D:6 |     662 |       0 |   0.0 |      10 |       0 |   0.0
            +---------+---------+-------+---------+---------+-------
